 Dungeon Crawl Stone Soup version 0.31.0-12-g77e489cdc1 (webtiles) character file.

Game seed: 7566219820573582391

3829 Gadfly the Covert (level 9, 0/46 HPs)
             Began as a Spriggan Enchanter on Feb 22, 2024.
             Was an Initiate of Gozag.
             Slain by a gnoll
             ... wielding a +0 halberd
             ... led by a gnoll sergeant
              (6 damage)
             ... on level 8 of the Dungeon.
             The game lasted 00:11:22 (6996 turns).

Gadfly the Covert (Spriggan Enchanter)              Turns: 6996, Time: 00:11:22

Health: 0/46       AC:  5    Str:  4    XL:     9   Next: 97%
Magic:  21/29      EV: 21    Int: 19    God:    Gozag
Gold:   449        SH:  0    Dex: 17    Spells: 4/21 levels left

rFire   + . .        a - +2 short sword (elec)
rCold   + . .        (no shield)
rNeg    . . .        l - +1 robe {rF+}
rPois   .            (helmet restricted)
rElec   .            z - +1 cloak
rCorr   +            (gloves unavailable)
SInv    +            (boots unavailable)
Will    +....        (no amulet)
Stlth   ++++         m - ring of magical power
HPRegen 0.27/turn    u - ring of Poidiabe {rC+ rCorr Slay+5}
MPRegen 0.21/turn

%: no passive effects
@: gold aura, studying Shields, very quick
A: very small, no large weapons, unfitting armour, see invisible, speed 3
a: Renounce Religion, Potion Petition, Call Merchant, Bribe Branch


You were on level 8 of the Dungeon.
You worshipped Gozag.
Gozag was aware of your devotion.
You visited 2 branches of the dungeon, and saw 9 of its levels.

You collected 549 gold pieces.
You paid 100 gold pieces to Gozag.

Inventory:

Hand Weapons
 a - a +2 short sword of electrocution (weapon)
 b - a +1 rapier of venom
 i - a +1 dagger
Armour
 l - a +1 robe of fire resistance (worn)
 z - a +1 cloak (worn)
Jewellery
 m - a ring of magical power (left hand)
 u - the ring of Poidiabe (right hand) {rC+ rCorr Slay+5}
   (You found it on level 5 of the Dungeon)

   [ring of protection from cold]

   Slay+5:    It affects your accuracy & damage with ranged weapons and melee
   (+5).
   rC+:       It protects you from cold.
   rCorr:     It protects you from acid and corrosion.
Wands
 n - a wand of iceblast (9)
 s - a wand of paralysis (17)
 v - a wand of polymorph (3)
 w - a wand of digging (7)
 x - a wand of flame (29)
Scrolls
 o - 2 scrolls of amnesia
 y - a scroll of torment {unknown}
Potions
 c - a potion of invisibility
 d - 4 potions of might
 e - a potion of cancellation
 f - 2 potions of resistance
 g - a potion of brilliance
 h - 2 potions of heal wounds
 j - a potion of attraction {unknown}
 k - a potion of haste {unknown}
 p - a potion of degeneration {unknown}
 q - 2 potions of curing
 r - a potion of mutation
 t - a potion of ambrosia
 A - a potion of magic {unknown}


   Skills:
 + Level 4.3 Fighting
 + Level 6.1 Short Blades
 + Level 7.5 Dodging
 + Level 9.5 Stealth
 + Level 6.9 Spellcasting
 + Level 7.3 Hexes
 + Level 6.8 Evocations


You had 4 spell levels left.
You knew the following spells:

 Your Spells              Type           Power      Damage    Failure   Level
a - Ensorcelled Hibernat  Hex/Ice        40%        N/A       3%          2
b - Confusing Touch       Hex            34%        N/A       1%          3
c - Yara's Violent Unrav  Hex/Alch       10%        3d6       52%         5
d - Enfeeble              Hex            17%        N/A       99%         7

Your spell library contained the following spells:

 Spells                   Type           Power      Damage    Failure   Level
 Jinxbite                 Hex            68%        N/A       1%          2
 Tukima's Dance           Hex            34%        N/A       1%          3
 Dazzling Flash           Conj/Hex       40%        N/A       7%          3
 Apportation              Tloc           12%        N/A       11%         1
 Magic Dart               Conj           24%        1d4       11%         1
 Searing Ray              Conj           12%        2d4       16%         2
 Dimensional Bullseye     Hex/Tloc       10%        N/A       22%         4
 Passwall                 Erth           6%         N/A       30%         3
 Swiftness                Air            6%         N/A       30%         3
 Volatile Blastmotes      Fire/Tloc      12%        2d11      30%         3
 Fulminant Prism          Conj/Alch      3%         3d5       71%         4
 Iskenderun's Mystic Bla  Conj/Tloc      6%         2d4       71%         4
 Alistair's Intoxication  Alch           4%         N/A       96%         5


Dungeon Overview and Level Annotations

Branches:
Dungeon (8/15)             Temple (1/1) D:6            Lair (0/5) D:8

Altars:
Ashenzari
Cheibriados
Dithmenos
Elyvilon
Fedhas
Gozag
Hepliaklqana
Kikubaaqudgha
Makhleb
Nemelex Xobeh
Okawaru
Qazlal
Ru
Sif Muna
Trog
Uskayaw
Vehumet
Wu Jian
Xom
Yredelemnul
Zin
The Shining One

Shops:
D:6 (

Portals:
Bailey: D:8


Innate Abilities, Weirdness & Mutations

You are very small and have problems with some larger weapons.
You are too small for most types of armour.
You have supernaturally acute eyesight. (SInv)
You cover ground extremely quickly. (Speed+++)


Message History

Confirm with . or Enter, or press ? or * to list all spells.
Your hands begin to glow red.
The wight is distracted by your dazzling golden aura.
The wight is no longer distracted by gold.
The wight hits you from afar with a +0 trident.
You hit the wight but do no damage. You hit the wight but do no damage.
The wight appears confused.
The wight closely misses you.
You puncture the wight!
The wight is heavily damaged.
The wight barely misses you. The wight hits you with a +3 falchion.
* * * LOW HITPOINT WARNING * * *
The wight throws a stone.
The stone hits you but does no damage.
A gnoll sergeant comes into view. It is wielding a +0 trident.
The wight completely misses you.
The gnoll sergeant moves out of view.
Found a flagged portal.
You hit the wight.
The wight is severely damaged.
The wight completely misses you.
The wight throws a stone.
The stone misses you.
You catch the helpless wight completely off-guard!
You impale the wight!!
You destroy the wight!
The wight throws a stone.
The stone misses you.
Your life force feels restored.
A gnoll comes into view. It is wielding a +0 club.
The wight throws a stone.
The stone completely misses you.
A gnoll comes into view. It is wielding a +0 halberd.
The wight attacks as it pursues you! The wight hits you but does no damage.
A gnoll comes into view. It is wielding a +0 halberd.
Found 18 gold pieces.
The gnoll sergeant shouts!
The gnoll hits you from afar with a +0 halberd!
* * * LOW HITPOINT WARNING * * *
The gnoll shouts!
The gnoll shouts!
There is a flagged portal here.
The gnoll hits you but does no damage. The gnoll hits you with a +0 halberd.
You die...
Your body crumbles into a pile of gold.

#.........###.......
.$.... ##....$...# #......
...... #..#........#
...?.. ......
#.........#.# .##..
....... ####....zz### ..
........ #......## ##.#
........ ###.....###...#
........ #.......g...#..
#......
#........@........###.....
###.#.....g..............o
#.#...g#................
###...g###...#..........
#...## #..##.........
##..# ........##... #..
#.#....#<.#. #..
.##........ #####..##


You could see a gnoll sergeant, 2 wights and 3 gnolls.

Vanquished Creatures
  Pikel (D:7)
  Maurice (D:7)
  A komodo dragon (D:6)
  Duvessa (D:4)
  2 water moccasins
  2 orc warriors
  2 ice beasts
  2 ogres
  2 phantoms (D:4)
  A kobold brigand (D:6)
  A gnoll sergeant (D:7)
  3 scorpions
  5 bullfrogs
  2 wights (D:8)
  Dowan (D:4)
  3 killer bees (D:8)
  3 bombardier beetles
  4 howler monkeys
  2 orc priests (D:5)
  Crazy Yiuf (D:3)
  2 hounds
  5 jellies
  An iguana (D:5)
  3 orc wizards
  12 adders
  A white imp (D:7)
  2 dart slugs (D:3)
  3 ribbon worms
  12 orcs
  2 bats
  5 endoplasms
  3 giant cockroaches
  10 goblins
  9 hobgoblins
  8 jackals
  5 quokkas
  10 ball pythons
  10 kobolds
  4 rats
147 creatures vanquished.

Notes
Turn   | Place    | Note
-------+----------+-------------------------------------------
     0 | D:1      | Gadfly the Spriggan Enchanter began the quest for the Orb.
     0 | D:1      | Reached XP level 1. HP: 9/9 MP: 5/5
   156 | D:1      | Reached XP level 2. HP: 8/13 MP: 6/6
   159 | D:1      | Learned a level 2 spell: Ensorcelled Hibernation
   315 | D:1      | Found a faded altar of an unknown god.
   671 | D:2      | Reached skill level 1 in Evocations
   671 | D:2      | Reached XP level 3. HP: 16/17 MP: 0/8
   675 | D:2      | Learned a level 3 spell: Confusing Touch
  1460 | D:3      | Noticed a scorpion
  1465 | D:3      | Reached XP level 4. HP: 21/21 MP: 9/9
  1470 | D:3      | Killed a scorpion
  1471 | D:3      | Reached skill level 1 in Fighting
  1471 | D:3      | Reached skill level 5 in Stealth
  1583 | D:3      | Reached XP level 5. HP: 16/25 MP: 11/11
  1872 | D:3      | Found a sacrificial altar of Ru.
  2250 | D:3      | Found a runed translucent door.
  2251 | D:3      | Noticed Crazy Yiuf
  2386 | D:3      | Killed Crazy Yiuf
  2818 | D:4      | Noticed a phantom
  2844 | D:4      | Killed a phantom
  2845 | D:4      | Reached XP level 6. HP: 18/30 MP: 12/12
  3159 | D:4      | Noticed Duvessa
  3165 | D:4      | Noticed Dowan
  3195 | D:4      | Killed Duvessa
  3196 | D:4      | Reached skill level 6 in Stealth
  3203 | D:4      | Killed Dowan
  3204 | D:4      | Reached XP level 7. HP: 14/35 MP: 4/14
  3374 | D:4      | Reached skill level 5 in Hexes
  3962 | D:5      | Entered Level 5 of the Dungeon
  3962 | D:5      | Found a hazy altar of Hepliaklqana.
  4273 | D:5      | Reached skill level 5 in Dodging
  4377 | D:5      | Reached skill level 7 in Stealth
  4557 | D:5      | Reached XP level 8. HP: 39/39 MP: 16/16
  4560 | D:5      | Identified the ring of Poidiabe {rC+ rCorr Slay+5}
  4692 | D:6      | Reached skill level 5 in Spellcasting
  5018 | D:6      | Found a radiant altar of Vehumet.
  5112 | D:6      | Found a staircase to the Ecumenical Temple.
  5142 | D:6      | Noticed a komodo dragon
  5150 | Temple   | Entered the Ecumenical Temple
  5158 | Temple   | Became a worshipper of Gozag Ym Sagoz the Greedy
  5198 | D:6      | Killed a komodo dragon
  5199 | D:6      | Reached skill level 5 in Evocations
  5263 | D:6      | Found Niofur's Antique Weapon Shoppe.
  5271 | D:6      | Found an ancient bone altar of Kikubaaqudgha.
  5443 | D:6      | Reached skill level 8 in Stealth
  5548 | D:6      | Learned a level 5 spell: Yara's Violent Unravelling
  5556 | D:6      | Learned a level 7 spell: Enfeeble
  5629 | D:7      | Noticed Pikel
  5655 | D:7      | Killed Pikel
  5656 | D:7      | Reached skill level 5 in Short Blades
  5656 | D:7      | Reached XP level 9. HP: 19/45 MP: 17/19
  6189 | D:7      | Noticed Maurice
  6198 | D:7      | Killed Maurice
  6199 | D:7      | Reached skill level 9 in Stealth
  6910 | D:8      | Found a staircase to the Lair.
  6987 | D:8      | Found a flagged portal.
  6996 | D:8      | Slain by a gnoll

Illustrated notes

Levels and vault maps discovered:
D:1:      scummos_arrival_star, layout_rooms,
          hellmonk_ecumenical_altar_leap_of_faith
D:2:      layout_basic
D:3:      minmay_chambers_of_threes, layout_loops_cross,
          mainiacjoe_overflow_tiny_flanked, saegor_snake_ambush,
          uniq_crazy_yiuf_cottage
D:4:      wad_river_or_something, layout_basic, kennysheep_opposing_triangles,
          uniq_duvessa
D:5:      layout_rooms, overflow_temple_1_default, serial_rivers,
          chequers_serial_rivers_micro_a, chequers_serial_rivers_room_a,
          chequers_serial_rivers_room_b, chequers_serial_rivers_micro_b,
          kennysheep_generic_room_12
D:6:      layout_cave_pools, mainiacjoe_overflow_catch_the_wave,
          minmay_temple_entry_slanted, serial_shops, shop, grunt_ministairs_14
D:7:      layout_basic, minmay_manual_mandibuliform, uniq_maurice, uniq_pikel
D:8:      layout_cave_pools, lair_entry_dummy, enter_bailey_1
Temple:   eino_narrow_crystal_temple

Skill      XL: |  1  2  3  4  5  6  7  8  9 |
---------------+----------------------------+-----
Dodging        | 3 4 5 6 7 |  7.5
Evocations     | 1 2 3 4 5 6 |  6.8
Spellcasting   | 3 4 6 |  6.9
Short Blades   | 2 3 5 6 |  6.1
Hexes          | 4 5 6 7 |  7.3
Fighting       | 1 2 3 4 |  4.3
Stealth        | 5 6 7 8 9 |  9.5

Action                     |  1- 3 |  4- 6 |  7- 9 || total
---------------------------+-------+-------+-------++-------
  Melee: Dagger            |    57 |       |       ||    57
         Punch             |     1 |     1 |     2 ||     4
         Short sword       |    12 |    97 |    34 ||   143
         Rapier            |       |       |   124 ||   124
         Unarmed           |       |       |     3 ||     3
   Cast: Ensorcelled Hiber |    13 |    22 |    67 ||   102
         Confusing Touch   |       |     1 |     4 ||     5
    Use: Scroll            |     4 |     5 |     4 ||    13
         Potion            |     1 |     3 |     2 ||     6
   Stab: Sleeping          |    18 |    23 |    49 ||    90
         Confused          |       |     2 |     3 ||     5
         Invisible         |       |     2 |       ||     2
         Distracted        |       |       |     1 ||     1
 Armour: Robe              |    15 |    27 |    78 ||   120
         Skin              |       |       |     2 ||     2
  Dodge: Dodged            |    49 |    49 |   187 ||   285
